 Dungeon Crawl Stone Soup version 0.27-a0-1149-g4505690ab0 (webtiles) character file.

Game seed: 10690353252218017403

27259 Vomitron the Thaumaturge (level 13, -7/88 HPs)
             Began as a Djinni Earth Elementalist on May 12, 2021.
             Was a High Priest of Hepliaklqana.
             Hit by a javelin thrown by Urug (24 damage)
             ... on level 3 of the Lair of Beasts.
             The game lasted 00:35:04 (18757 turns).

Vomitron the Thaumaturge (DjEE)                    Turns: 18757, Time: 00:35:05

Health: -7/88      AC:  9    Str:  7    XL:     13   Next: 64%
Gold:   1287       EV: 11    Int: 22    God:    Hepliaklqana [*****.] SH:  0 Dex: 14

rFire    + . .     SeeInvis .   y - +4 scimitar (freeze)
rCold    + + .     Faith    +   (no shield)
rNeg     . . .     Spirit   .   f - +1 ring mail {rC+}
rPois    ∞         Reflect  .   (no helmet)
rElec    .         Harm     .   c - +0 cloak
rCorr    .         Rampage  .   (no gloves)
Will     +....                  (boots unavailable)
Stlth    ++........             A - amulet of faith
HPRegen  0.24/turn              W - ring of protection from cold
MPRegen  0.00/turn              B - ring of ice

@: flying
A: reduced essence, sickness immunity, fire resistance 2, cold vulnerability 1,
float, innate caster, hp casting, extra vitality 1
a: Renounce Religion, Recall Ancestor, Ancestor Identity, Transference, Idealise


You were on level 3 of the Lair of Beasts.
You worshipped Hepliaklqana.
Hepliaklqana was extremely pleased with you.
You visited 3 branches of the dungeon, and saw 15 of its levels.
You also visited: Sewer and Ice Cave.

You collected 1463 gold pieces.
You spent 176 gold pieces at shops.

Inventory:

Hand Weapons
 y - a +4 scimitar of freezing (weapon)
 G - a +2 scimitar of flaming
Missiles
 a - 3 throwing nets
 h - 75 poisoned darts
 j - 320 stones
 z - 6 curare-tipped darts
Armour
 c - a +0 cloak (worn)
 f - a +1 ring mail of cold resistance (worn)
 I - a +0 troll leather armour
Jewellery
 l - a +4 ring of protection
 A - an amulet of faith (around neck)
 B - a ring of ice (right hand)
 H - an amulet of reflection
 P - a +6 ring of intelligence
 S - a ring of protection from fire
 W - a ring of protection from cold (left hand)
 X - an amulet of regeneration
 Z - a ring of resist corrosion
Wands
 e - a wand of digging (5)
 q - a wand of iceblast (6)
 D - a wand of acid (10)
 K - a wand of paralysis (7)
 N - a wand of polymorph (2)
 Q - a wand of mindburst (33)
 R - a wand of flame (41)
Scrolls
 d - a scroll of vulnerability {unknown}
 i - 4 scrolls of teleportation
 m - 2 scrolls of immolation
 p - 4 scrolls of magic mapping
 w - 2 scrolls of fog
 C - 5 scrolls of identify
 F - 2 scrolls of amnesia {unknown}
 J - a scroll of enchant armour {unknown}
 T - a scroll of blinking {unknown}
 U - a scroll of summoning {unknown}
 V - a scroll of brand weapon {unknown}
 Y - a scroll of acquirement {unknown}
Potions
 b - 4 potions of brilliance
 g - 7 potions of heal wounds
 k - 11 potions of curing
 r - 5 potions of degeneration
 s - 2 potions of attraction
 t - 4 potions of flight
 L - 3 potions of lignification {unknown}
 M - a potion of cancellation {unknown}
 O - a potion of berserk rage {unknown}


   Skills:
 + Level 10.9 Fighting
 - Level 1.7 Short Blades
 + Level 0.1(1.0) Long Blades
 - Level 8.0 Armour
 - Level 5.1 Dodging
 - Level 3.0 Stealth
 * Level 12.7 Spellcasting
 + Level 2.4 Invocations


You had 4 spell levels left.
You knew the following spells:

 Your Spells              Type           Power      Damage    Failure   Level
a - Sandblast             Erth           100%       2d20      1%          1
b - Passwall              Tmut/Erth      52%        N/A       1%          2
c - Stone Arrow           Conj/Erth      100%       3d13      1%          3
d - Petrify               Tmut/Erth      63%        N/A       1%          4
e - Lee's Rapid Deconstr  Erth           31%        3d17*     1%          5
f - Apportation           Tloc           100%       N/A       1%          1
g - Slow                  Hex            63%        N/A       1%          2
h - Blink                 Tloc           N/A        N/A       1%          2
i - Iskenderun's Mystic   Conj/Tloc      63%        2d13      1%          4
j - Fulminant Prism       Conj/Hex       31%        3d16      1%          4
k - Borgnjor's Vile Clut  Necr/Erth      31%        N/A       1%          5
Your spell library was empty.

Dungeon Overview and Level Annotations

Branches:
Dungeon (11/15)            Temple (1/1) D:6            Lair (3/6) D:11
  Swamp (0/4) Lair:2          Orc (0/2) D:10          Sewer (visited)
  IceCv (visited)
  Snake: Lair:2-4    Spider: Lair:2-4

Altars:
Ashenzari
Cheibriados
Dithmenos
Elyvilon
Fedhas
Gozag
Hepliaklqana
Kikubaaqudgha
Makhleb
Nemelex Xobeh
Okawaru
Qazlal
Ru
Sif Muna
Trog
Uskayaw
Vehumet
Wu Jian
Xom
Yredelemnul
Zin
The Shining One

Shops:
D:2 *   D:5 :   D:6 [   D:7 (

Annotations:
D:7 2 transporters, Zeld's ghost, novice OpFi
Lair:2 exclusion: oklob plant
Lair:3 Urug


Innate Abilities, Weirdness & Mutations

Your life essence is reduced to manifest your ancestor. (-10% HP)
You are immune to sickness and miasma.
You are immune to poison.
Your flesh is very heat resistant. (rF++)
You are vulnerable to cold. (rC-)
You float through the air rather than walking.
You learn spells naturally, not from books.
Your magical power is your life essence.
You have superior vitality. (+4 HP)


Message History

Casting: Sandblast (safe; 1% risk of failure)
Confirm with . or Enter, or press ? or * to list all spells.
Aiming: Sandblast (safe; 1% risk of failure)
Press: ? - help, Shift-Dir - straight line, f/p - black mamba
Aim: a black mamba (almost dead, ally target, 73% to hit)
The blast of sand hits the black mamba!
You kill the black mamba!
Urug throws a javelin.
The javelin closely misses you.
Training target 8.0 for Armour reached!
Your Armour skill increases to level 8!
Unknown command.
Casting: Sandblast (safe; 1% risk of failure)
Confirm with . or Enter, or press ? or * to list all spells.
Aiming: Borgnjor's Vile Clutch (dangerous; 1% risk of failure)
Press: ? - help, Shift-Dir - straight line, f - Urug
Aim: Urug, wielding a +2 eveningstar of protection, wearing a +0 chain mail and quivering javelins (severely wounded, 100% to hit)
Zombie hands grab Urug.
The zombie hands constrict Urug.
Urug throws a javelin.
The javelin pierces through you!!
* * * LOW HITPOINT WARNING * * *
Unknown command.
Unknown command.
Casting: Borgnjor's Vile Clutch (dangerous; 1% risk of failure)
Confirm with . or Enter, or press ? or * to list all spells.
You can't see any susceptible monsters within range! (Use Z to cast anyway.)
The zombie hands constrict Urug!
Urug throws a javelin.
The javelin pierces through you.
* * * LOW HITPOINT WARNING * * *
Unknown command.
Unknown command.
Casting: Borgnjor's Vile Clutch (dangerous; 1% risk of failure)
Confirm with . or Enter, or press ? or * to list all spells.
Aiming: Borgnjor's Vile Clutch (dangerous; 1% risk of failure)
Press: ? - help, Shift-Dir - straight line, f/p - Urug
Aim: Urug, wielding a +2 eveningstar of protection, wearing a +0 chain mail and quivering javelins (almost dead, constricted by zombie hands, 100% to hit)
Urug is unaffected.
* * * LOW HITPOINT WARNING * * *
The zombie hands constrict Urug!
Urug throws a javelin.
The javelin pierces through you!!
You die...

.......## ........##
## # ...o.....##.#P.
.......$?.P..
.......... ......#
#...# #.R# ##@##
#..# ###..# #...##
####...# ###
####.#...## .#.
##P.......R###
..####......#.P...##
.......P..######...#


You could see the friendly Zimri-Dagan the knight and Urug (clutched).

Vanquished Creatures
  Fannar (Lair:1)
  2 hydras
  2 ice dragons (IceCv)
  Erica (D:8)
  4 two-headed ogres
  A bog body (Lair:2)
  Pikel (D:6)
  An ugly thing (D:11)
  2 ice statues (IceCv)
  2 centaur zombies
  A black mamba (Lair:3)
  3 cane toads
  Joseph (D:7)
  2 rime drakes (IceCv)
  2 komodo dragons
  2 kobold demonologists (D:11)
  2 ice devils (Lair:2)
  Psyche (D:8)
  3 trolls
  A merfolk (D:9)
  Prince Ribbit (D:7)
  2 blink frogs (Lair:3)
  11 yaks
  A shadow (D:9)
  3 wyverns
  2 steam dragons
  2 basilisks
  2 wargs (D:10)
  An acid dragon (D:9)
  3 water moccasins
  A sky beast (D:7)
  3 orc warriors
  10 ice beasts (IceCv)
  3 ogres
  A hornet zombie (D:7)
  5 centaurs
  4 lemures (D:6)
  A phantom (D:4)
  A kobold brigand (Sewer)
  10 bullfrogs
  2 wyvern zombies
  2 scorpions
  A water moccasin skeleton (D:5)
  5 killer bees (D:11)
  15 wights
  3 howler monkeys
  4 electric eels
  A jelly (D:7)
  A lava snake (D:11)
  2 bullfrog zombies (D:6)
  A centaur skeleton (D:5)
  A hound (D:4)
  A gnoll shaman (D:7)
  An orc priest (D:10)
  Crazy Yiuf (D:7)
  5 orc wizards
  5 iguanas
  4 hell rats (Lair:1)
  A hound skeleton (D:4)
  A howler monkey zombie (D:9)
  5 gnolls
  A howler monkey skeleton (D:6)
  4 adders
  A river rat (Sewer)
  3 white imps
  An adder skeleton (D:4)
  A worm (D:4)
  A dart slug (D:3)
  24 orcs
  10 ball pythons
  7 bats
  5 endoplasms
  A giant cockroach (D:1)
  6 goblins
  7 hobgoblins
  20 jackals
  15 kobolds
  A quokka (D:2)
  2 frilled lizards (D:2)
  9 rats
283 creatures vanquished.

Vanquished Creatures (collateral kills)
  2 two-headed ogres (D:11)
  The ghost of Zonian the Ducker, a novice GnAM of Xom (D:9)
  A bog body (Lair:2)
  A rime drake (Lair:2)
  A kobold demonologist (D:11)
  A blink frog (Lair:3)
  A wyvern (Lair:2)
  3 yaks
  A basilisk (Lair:1)
  4 ice beasts (IceCv)
  2 orc warriors (D:10)
  2 wights (D:8)
20 creatures vanquished.

Vanquished Creatures (others)
  A knight (D:11)
  3 fulminant prisms (D:11)
  A fungus (Lair:1)
  26 plants
31 creatures vanquished.

Grand Total: 334 creatures vanquished

Notes
Turn   | Place    | Note
-------+----------+-------------------------------------------
     0 | D:1      | Vomitron the Djinni Earth Elementalist began the quest for
                  | the Orb.
     0 | D:1      | Reached XP level 1. HP: 15/15 MP: 0/0
   333 | D:1      | Reached skill level 3 in Spellcasting
   333 | D:1      | Reached XP level 2. HP: 10/21 MP: 0/0
   728 | D:1      | Reached XP level 3. HP: 12/25 MP: 0/0
   728 | D:1      | Learned a level 1 spell: Apportation
  1249 | D:1      | Upgraded the game from 0.27-a0-1147-gb3d8e82157 to
                  | 0.27-a0-1149-g4505690ab0
  1674 | D:2      | Reached XP level 4. HP: 27/31 MP: 0/0
  1830 | D:2      | Found Xabbor's General Store.
  1975 | D:2      | Found a shimmering altar of Xom.
  3447 | D:3      | Noticed a scorpion
  3454 | D:3      | Killed a scorpion
  3455 | D:3      | Reached skill level 1 in Short Blades
  3455 | D:3      | Reached XP level 5. HP: 22/36 MP: 0/0
  3455 | D:3      | Learned a level 2 spell: Slow
  3579 | D:3      | Found a faded altar of an unknown god.
  4138 | D:4      | Noticed a phantom
  4140 | D:4      | Killed a phantom
  4141 | D:4      | Reached skill level 4 in Spellcasting
  4141 | D:4      | Reached XP level 6. HP: 34/41 MP: 0/0
  4463 | D:4      | Reached skill level 1 in Fighting
  4591 | D:4      | Found a glowing drain.
  4660 | Sewer    | Entered a sewer
  4667 | Sewer    | Reached XP level 7. HP: 40/47 MP: 0/0
  4667 | Sewer    | Learned a level 2 spell: Blink
  4926 | Sewer    | Found a white marble altar of Elyvilon.
  5191 | D:4      | Reached skill level 5 in Spellcasting
  5809 | D:5      | Entered Level 5 of the Dungeon
  5844 | D:5      | Found Teuhaut's Book Boutique.
  6123 | D:5      | Found a shadowy altar of Dithmenos.
  6464 | D:5      | Reached XP level 8. HP: 42/52 MP: 0/0
  6867 | D:6      | Found Rypsac's Armour Shop.
  6879 | D:6      | Bought a +1 ring mail of cold resistance for 176 gold
                  | pieces
  7140 | D:6      | Noticed Pikel
  7328 | D:6      | Killed Pikel
  7329 | D:6      | Reached skill level 6 in Spellcasting
  7854 | D:6      | Found a staircase to the Ecumenical Temple.
  7859 | Temple   | Entered the Ecumenical Temple
  8074 | Temple   | Became a worshipper of Hepliaklqana the Forgotten
  8106 | D:6      | Reached skill level 5 in Dodging
  8106 | D:6      | Reached XP level 9. HP: 38/61 MP: 0/0
  8106 | D:6      | Learned a level 4 spell: Iskenderun's Mystic Blast
  8303 | D:6      | Reached skill level 7 in Spellcasting
  8609 | D:6      | Found an ornate altar of the Wu Jian Council.
  8807 | D:7      | Noticed Zeld's ghost (novice OpFi)
  8820 | D:7      | Noticed Prince Ribbit
  8978 | D:7      | Killed Prince Ribbit
  8979 | D:7      | Reached skill level 5 in Fighting
  9185 | D:7      | Reached skill level 8 in Spellcasting
  9198 | D:7      | Identified the amulet of Inuqiasas {Reflect *Corrode Int+4
                  | SH+5}
  9579 | D:7      | Reached XP level 10. HP: 43/71 MP: 0/0
  9895 | D:7      | Found a transporter.
  9935 | D:7      | Noticed Joseph
  9945 | D:7      | Killed Joseph
 10176 | D:7      | Found a hide-covered altar of Uskayaw.
 10443 | D:7      | Reached * piety under Hepliaklqana
 10447 | D:7      | Found a blossoming altar of Fedhas.
 10491 | D:7      | Found a transporter.
 10541 | D:7      | Found Cila's Weapon Shoppe.
 10692 | D:7      | Reached skill level 9 in Spellcasting
 10940 | D:7      | Found a runed translucent door.
 10941 | D:7      | Noticed Crazy Yiuf
 11047 | D:7      | Killed Crazy Yiuf
 11590 | D:8      | Noticed Erica
 11597 | D:8      | Killed Erica
 11872 | D:8      | Reached ** piety under Hepliaklqana
 11872 | D:8      | Noticed Psyche
 11875 | D:8      | Killed Psyche
 12291 | D:9      | Reached XP level 11. HP: 65/71 MP: 0/0
 12291 | D:9      | Learned a level 4 spell: Fulminant Prism
 12352 | D:9      | Reached skill level 1 in Armour
 12381 | D:9      | Reached skill level 10 in Spellcasting
 12535 | D:9      | Remembered your ancestor Zimri-Dagan as a knight
 12607 | D:9      | Found a runed translucent door.
 12607 | D:9      | Noticed Zonian's ghost (novice GnAM)
 12673 | D:9      | Noticed a two-headed ogre
 12680 | D:9      | Killed a two-headed ogre
 12935 | D:9      | Found a burning altar of Makhleb.
 13161 | D:9      | Killed Zonian's ghost
 13212 | D:10     | Entered Level 10 of the Dungeon
 13313 | D:10     | Found a staircase to the Orcish Mines.
 13480 | D:10     | Noticed a two-headed ogre
 13486 | D:10     | Killed a two-headed ogre
 13562 | D:10     | Noticed a two-headed ogre
 13569 | D:10     | Killed a two-headed ogre
 13578 | D:10     | Reached *** piety under Hepliaklqana
 13772 | D:10     | Found a white marble altar of Elyvilon.
 13895 | D:11     | Noticed a two-headed ogre
 13903 | D:11     | Killed a two-headed ogre
 13904 | D:11     | Reached skill level 11 in Spellcasting
 13904 | D:11     | Reached XP level 12. HP: 74/80 MP: 0/0
 13915 | D:11     | Found a bloodstained altar of Trog.
 14064 | D:11     | Reached skill level 5 in Armour
 14118 | D:11     | Noticed an eight-headed hydra
 14123 | D:11     | Killed an eight-headed hydra
 14195 | D:11     | Noticed a two-headed ogre
 14199 | D:11     | Killed a two-headed ogre
 14298 | D:11     | Noticed a two-headed ogre
 14304 | D:11     | Killed a two-headed ogre
 14501 | D:11     | Found a staircase to the Lair.
 14829 | Lair:1   | Entered Level 1 of the Lair of Beasts
 14993 | Lair:1   | Reached **** piety under Hepliaklqana
 15011 | Lair:1   | Noticed Fannar
 15017 | Lair:1   | Killed Fannar
 15035 | Lair:1   | Reached skill level 10 in Fighting
 15155 | Lair:1   | Reached skill level 12 in Spellcasting
 15167 | Lair:1   | Identified the +0 chain mail "Bitzyd" {rElec Int-3 Dex+6
                  | SInv}
 15660 | Lair:2   | Reached XP level 13. HP: 63/86 MP: 0/0
 15660 | Lair:2   | Learned a level 5 spell: Borgnjor's Vile Clutch
 15671 | Lair:2   | Identified the +1 robe of the Guardian {Dex+4}
 15835 | Lair:2   | Found a staircase to the Swamp.
 15951 | Lair:2   | Found a frozen archway.
 16049 | IceCv    | Entered an ice cave
 16971 | IceCv    | Reached skill level 1 in Invocations
 17076 | IceCv    | Noticed an ice dragon
 17081 | IceCv    | Noticed an ice dragon
 17092 | IceCv    | Killed an ice dragon
 17094 | IceCv    | Killed an ice dragon
 17624 | Lair:2   | Noticed a six-headed hydra
 17629 | Lair:2   | Killed a six-headed hydra
 17792 | Lair:2   | Reached ***** piety under Hepliaklqana
 18020 | Lair:2   | Found an ornate altar of the Wu Jian Council.
 18747 | Lair:3   | Noticed Urug
 18757 | Lair:3   | Hit by a javelin thrown by Urug

Illustrated notes

Levels and vault maps discovered:
D:1:      mushboom_english_gardens, layout_basic, minmay_fountain_box,
          minmay_close_crescents
D:2:      layout_loops_ring, basic_altar, serial_shops, shop,
          serial_bayou_pond_c, minmay_misc_feat_roman
D:3:      layout_basic, lemuel_blue_sif_altar,
          hellmonk_ecumenical_altar_run_dry, minmay_misc_feat_enclosed,
          kennysheep_generic_room_13
D:4:      layout_cave_pods, cheibrodos_sewer_entry_bend
D:5:      layout_loops_ring, overflow_temple_1_default, serial_shops, shop
D:6:      layout_basic, kennysheep_little_box, tgw_xom, temple_doors_cd,
          serial_shops, nicolae_shop_window_shopping, serial_bayou_pond_a,
          st_stairs_2, uniq_pikel
D:7:      layout_basic, marbit_many_paths, kiku_gazebo_pond_becter,
          lemuel_crystal_altar, gammafunk_ghost_stat_death,
          kennysheep_windowed_goal, uniq_joseph, uniq_prince_ribbit1,
          uniq_crazy_yiuf_cottage
D:8:      layout_basic, uniq_erica, uniq_psyche
D:9:      layout_basic, lemuel_tele_altar, hellmonk_ghost_happy_afterlife,
          hex_intersection, hangedman_fish_farm
D:10:     layout_rooms, lemuel_coloured_pillars_altar, david_orc_1_choice
D:11:     layout_loops_ring, lair_entry_dummy, kennysheep_path_1,
          trog_hazing_becter
Temple:   nicolae_temple_figure_eight
Lair:1:   layout_chaotic_city, chequers_serial_rivers_room_b,
          serial_bayou_lagoon_a, ldierk_geyser, uniq_fannar
Lair:2:   layout_regular_city, skrybe_swamp_entry_bodies, basic_altar,
          portal_ice_cave_demonic_guard, nicolae_quartered_pool_medium,
          chequers_serial_rivers_micro_e, minmay_lair_oklob_chamber
Lair:3:   layout_cave_pods, basic_altar, beast_lair_carwin_2, uniq_urug

Skill      XL: |  1  2  3  4  5  6  7  8  9 10 11 12 13 |
---------------+----------------------------------------+-----
Spellcasting   | 3 4 5 6 8 9 11 12 | 12.7
Stealth        | 2 3 |  3.0
Short Blades   | 1 |  1.7
Dodging        | 3 5 |  5.1
Fighting       | 1 3 5 7 9 10 | 10.9
Armour         | 4 6 8 |  8.0
Invocations    | 2 |  2.4
Long Blades    | |  0.1

Action                   |  1- 3 |  4- 6 |  7- 9 | 10-12 | 13-15 || total
-------------------------+-------+-------+-------+-------+-------++-------
Melee: Unarmed           |     8 |       |       |       |       ||     8
       Short sword       |    34 |    41 |    14 |       |       ||    89
       Dagger            |       |       |    92 |       |       ||    92
       Scimitar          |       |       |       |    64 |    18 ||    82
 Cast: Sandblast         |    33 |    29 |    46 |    19 |    14 ||   141
       Stone Arrow       |     6 |    33 |    83 |   191 |    75 ||   388
       Fulminant Prism   |       |       |       |     3 |       ||     3
       Borgnjor's Vile C |       |       |       |       |     6 ||     6
Invok: Ancestor Life: Kn |       |       |       |     1 |       ||     1
  Use: Scroll            |       |     2 |     7 |     3 |       ||    12
 Stab: Sleeping          |     1 |     1 |       |       |       ||     2
Armor: Robe              |    15 |    20 |    26 |       |       ||    61
       Ring mail         |       |       |    21 |     8 |    13 ||    42
       Troll leather arm |       |       |       |    25 |       ||    25
Dodge: Dodged            |    55 |    37 |    80 |    48 |    18 ||   238
       Rpst.: Scimitar   |       |       |       |     9 |     5 ||    14

Table legend: (Time is in decaauts)
 A = Elapsed time spent in this place.
 B = Non-inter-level travel time spent in this place.
 C = Inter-level travel time spent in this place.
 D = Time resting spent in this place.
 E = Time spent auto-exploring this place.
 F = Levels seen in this place.
 G = Mean time per level.
                   A        B        C        D        E       F      G
               +--------+--------+--------+--------+--------+-----+--------+
         Total |  18810 |  18269 |    541 |   5012 |  10741 |  17 | 1106.5 |
       Dungeon |  14318 |  13843 |    475 |   3675 |   8400 |  11 | 1301.6 |
        Temple |    233 |    215 |     18 |      0 |    190 |   1 |  233.0 |
          Lair |   2403 |   2355 |     48 |    352 |   1620 |   3 |  801.0 |
         Sewer |    303 |    303 |      0 |     41 |    185 |   1 |  303.0 |
      Ice Cave |   1551 |   1551 |      0 |    944 |    346 |   1 | 1551.0 |
               +--------+--------+--------+--------+--------+-----+--------+

Top non-repeatable levels by time:
     D:6: 2286 daAuts
     D:7: 1799 daAuts
     D:1: 1551 daAuts
   IceCv: 1551 daAuts
     D:4: 1349 daAuts
     D:2: 1336 daAuts
     D:3: 1299 daAuts
  Lair:2: 1292 daAuts
     D:8: 1159 daAuts
     D:9: 952 daAuts
     D:5: 951 daAuts
    D:11: 945 daAuts
  Lair:1: 787 daAuts
    D:10: 684 daAuts
  Lair:3: 323 daAuts
